 Dungeon Crawl Stone Soup version 0.30-a0-632-g346586fe48 (webtiles) character file.

Game seed: 9845802974220224780

84 tilp the Shield-Bearer (level 5, -1/46 HPs)
             Began as a Meteoran Fighter on Jan 13, 2023.
             Slain by a gnoll
             ... wielding a +1 halberd of flaming
              (3 damage)
             ... on level 3 of the Dungeon.
             The game lasted 00:04:06 (880 turns).

tilp the Shield-Bearer (Meteoran Fighter)            Turns: 880, Time: 00:04:07

Health: -1/46      AC:  9    Str: 17    XL:     5   Next: 4%
Magic:  6/6        EV:  7    Int:  9    God:
Gold:   135        SH:  5    Dex: 16    Spells: 4/4 levels left

rFire   . . .      SeeInvis .    a - +0 long sword
rCold   . . .      Faith    .    c - +0 buckler
rNeg    . . .      Spirit   .    k - +0 chain mail
rPois   .          Reflect  .    (no helmet)
rElec   .          Harm     .    (no cloak)
rCorr   .          Rampage  .    (no gloves)
Will    .....                    (no boots) Stlth
                                 (no amulet)
HPRegen 0.27/turn                (no ring)
MPRegen 0.10/turn                (no ring)

@: glowing
A: sense surroundings 1, otherworldly, glowing, explore regen
a: no special abilities


You were on level 3 of the Dungeon.
You visited 1 branch of the dungeon, and saw 3 of its levels.

You collected 135 gold pieces.

Inventory:

Hand Weapons
 a - a +0 long sword (weapon)
Missiles
 e - 7 poisoned darts (quivered)
 f - 12 stones
Armour
 b - a +0 scale mail
 c - a +0 buckler (worn)
 k - a +0 chain mail (worn)
 m - a +0 troll leather armour
Scrolls
 g - a scroll of amnesia
 j - a scroll of identify {unknown}
Potions
 d - 4 potions of might
 h - a potion of heal wounds {unknown}
 i - a potion of lignification {unknown}
 l - a potion of flight {unknown}
 n - a potion of attraction {unknown}


   Skills:
 + Level 3.7 Fighting
 + Level 3.0 Long Blades
 - Level 4.0 Armour
 * Level 2.6 Dodging
 + Level 1.0 Stealth
 - Level 4.0 Shields


You had 4 spell levels left.
You didn't know any spells.
Your spell library was empty.

Dungeon Overview and Level Annotations

Branches:
Dungeon (3/15) Zot: 874

Altars:
Cheibriados


Innate Abilities, Weirdness & Mutations

You passively map a small area around you.
You are easily found by Zot.
You glow in the dark.
You regain HP and MP as you explore.


Message History

A gnoll comes into view. It is wielding a +0 halberd.
A dart slug comes into view.
You hit the dart slug.
The dart slug is moderately wounded.
The dart slug bites you.
You hit the dart slug.
The dart slug is severely wounded.
The gnoll barely misses you.
The gnoll hits you from afar with a +1 halberd of flaming.
The gnoll burns you.
The dart slug bites you but does no damage.
You hit the dart slug but do no damage.
The dart slug is severely wounded.
The gnoll hits you with a +0 whip.
The gnoll hits you from afar with a +1 halberd of flaming!
The gnoll burns you. The dart slug launches a dart at you.
The slug dart hits you but does no damage.
You completely miss the dart slug.
The dart slug is severely wounded.
You block the gnoll's attack. x3; The dart slug closely misses you.
The gnoll hits you but does no damage.
The gnoll hits you from afar with a +1 halberd of flaming!
* * * LOW HITPOINT WARNING * * *
The gnoll burns you.
* * * LOW HITPOINT WARNING * * *
The gnoll hits you with a +0 whip.
* * * LOW HITPOINT WARNING * * *
You hit the dart slug but do no damage.
The dart slug is severely wounded.
The gnoll closely misses you.
The gnoll hits you but does no damage. x2
The dart slug barely misses you.
Unknown command.
You hit the dart slug.
You kill the dart slug!
The gnoll hits you but does no damage.
The gnoll hits you from afar with a +1 halberd of flaming!
* * * LOW HITPOINT WARNING * * *
The gnoll burns you.
You die...

#..........# ,
#..........# *
#..........# *
#..........# , *
##.>........# ,, *
#...........# *
#...........#
#..#######...........#
*
#.....@gg..........>.#
, *
#..#####g..........†.#
,, , #.............#
+....########'## , , ,
#....# #.# * ,_
.g....# #####.# , *
,..#....# #.....### ,
....#...## #.###.... ,
.#+ #...# ######


You could see 3 gnolls.

Vanquished Creatures
  2 adders (D:2)
  An adder zombie (D:2)
  2 worms (D:2)
  2 dart slugs
  5 orcs (D:3)
  5 ball pythons
  4 bats
  A bat skeleton (D:2)
  3 endoplasms
  A giant cockroach (D:3)
  2 goblins (D:2)
  6 hobgoblins
  2 quokkas
  2 ball python skeletons (D:2)
  A frilled lizard (D:2)
  A giant cockroach zombie (D:2)
  3 kobolds (D:2)
  A quokka zombie (D:2)
  6 rats
50 creatures vanquished.

Notes
Turn   | Place    | Note
-------+----------+-------------------------------------------
     0 | D:1      | tilp the Meteoran Fighter began the quest for the Orb.
     0 | D:1      | Reached XP level 1. HP: 19/19 MP: 2/2
   178 | D:1      | Reached XP level 2. HP: 25/26 MP: 3/3
   225 | D:2      | Found a snail-covered altar of Cheibriados.
   230 | D:2      | Reached skill level 1 in Dodging
   322 | D:2      | Reached XP level 3. HP: 29/31 MP: 4/4
   495 | D:2      | Reached XP level 4. HP: 30/38 MP: 5/5
   796 | D:3      | Reached skill level 1 in Stealth
   859 | D:3      | Reached XP level 5. HP: 46/46 MP: 6/6
   880 | D:3      | HP: 2/46 [gnoll/+1 halberd of flaming (9)]
   880 | D:3      | Slain by a gnoll

Illustrated notes

Levels and vault maps discovered:
D:1:      nzn_arrival_depleted_hourglass, layout_loops_corners,
          minmay_pentomino_o4
D:2:      kennysheep_six_static_rooms, layout_loops_cross, serial_undead,
          serial_undead_d, serial_undead_a, serial_undead_e, serial_undead_c,
          serial_undead_c, serial_undead_d, basic_altar
D:3:      layout_basic, gammafunk_ghost_smash, ebering_ecumenical_altar_webs,
          minmay_distorted, uniq_sigmund

Skill      XL: |  1  2  3  4 |
---------------+-------------+-----
Dodging        | 1 2 |  2.6
Armour         | 4 |  4.0
Shields        | 4 |  4.0
Long Blades    | 3 |  3.0
Stealth        | 1 |  1.0
Fighting       | |  3.7

Action                   |  1- 3 |  4- 6 || total
-------------------------+-------+-------++-------
Melee: Long sword        |    72 |    76 ||   148
  Use: Scroll            |       |     3 ||     3
Armor: Scale mail        |    29 |     2 ||    31
       Chain mail        |       |    44 ||    44
Dodge: Dodged            |    32 |    13 ||    45
Block: Buckler           |    23 |    21 ||    44

Table legend: (Time is in decaauts)
 A = Elapsed time spent in this place.
 B = Non-inter-level travel time spent in this place.
 C = Inter-level travel time spent in this place.
 D = Time resting spent in this place.
 E = Time spent auto-exploring this place.
 F = Levels seen in this place.
 G = Mean time per level.
                   A        B        C        D        E       F      G
               +--------+--------+--------+--------+--------+-----+--------+
         Total |    924 |    892 |     32 |      0 |      0 |   3 |  308.0 |
       Dungeon |    924 |    892 |     32 |      0 |      0 |   3 |  308.0 |
               +--------+--------+--------+--------+--------+-----+--------+

Top non-repeatable levels by time:
     D:2: 429 daAuts
     D:3: 268 daAuts
     D:1: 226 daAuts
